 Dungeon Crawl Stone Soup version 0.21-a0-405-gf2af9a1 (webtiles) character file.

81 Heskey the Sneak (level 4, -4/30 HPs)
             Began as a Vampire Enchanter on Nov 1, 2017.
             Slain by a worker ant (5 damage)
             ... on level 3 of the Dungeon.
             The game lasted 00:06:30 (2680 turns).

Heskey the Sneak (Vampire Enchanter)                Turns: 2680, Time: 00:06:31

Health: -4/30      AC:  4    Str:  7      XL:     4   Next: 20%
Magic:  4/7        EV: 13    Int: 15 (17) God:
Gold:   142        SH:  0    Dex: 15      Spells: 3/7 levels left

rFire    + . .     SeeInvis +   a - +1 dagger
rCold    x . .     Gourm    .   (no shield)
rNeg     + . .     Faith    .   b - +0 robe
rPois    .         Spirit   .   e - +0 helmet
rElec    .         Reflect  .   (no cloak)
rCorr    .         Harm     .   i - +0 pair of gloves
MR       .....                  (no boots)
Stlth    +++.......             (no amulet)
HPRegen  0.10/turn              f - ring of fire
MPRegen  0.10/turn              (no ring)

@: lethally poisoned (-4 -> -14)
A: claws 1, fangs 3, see invisible, deterioration 1, unbreathing
a: Bat Form


You were on level 3 of the Dungeon.
You were not thirsty.

You visited 1 branch of the dungeon, and saw 3 of its levels.

You collected 142 gold pieces.

Inventory:

Hand Weapons
 a - a +1 dagger (weapon)
Armour
 b - a +0 robe (worn)
 e - a +0 helmet (worn)
 i - a +0 pair of gloves (worn)
Jewellery
 f - a ring of fire (left hand)
Wands
 g - a wand of paralysis (9/24)
Scrolls
 h - 3 scrolls of identify
 j - 3 scrolls of remove curse
Potions
 d - 3 potions of blood
Books
 c - a book of Maledictions

   Spells                             Type                      Level
   a - Corona                         Hexes                        1
   b - Ensorcelled Hibernation        Hexes/Ice                    2
   c - Confuse                        Hexes                        3
   d - Tukima's Dance                 Hexes                        3
   e - Dazzling Spray                 Conjuration/Hexes            3


   Skills:
 * Level 2.8 Short Blades
 + Level 2.9 Dodging
 + Level 5.2 Stealth
 - Level 2.3 Spellcasting
 - Level 4.9 Hexes


You had 3 spell levels left.
You knew the following spells:

 Your Spells              Type           Power        Failure   Level  Hunger
a - Corona                Hex            ###....      2%          1    #......
b - Tukima's Dance        Hex            ###.....     9%          3    ###....


Dungeon Overview and Level Annotations

Branches:
Dungeon (3/15)

Altars:
Sif Muna


Innate Abilities, Weirdness & Mutations

You have razor-sharp teeth.
You have supernaturally acute eyesight. (SInv)
You can survive without breathing.
You have sharp fingernails.
Your body sometimes deteriorates upon taking damage.


Message History

* * * LOW HITPOINT WARNING * * *
You feel sick. The worker ant closely misses you.
Okay, then.
Unknown command.
Casting: Corona
Confirm with . or Enter, or press ? or * to list all spells.
Aiming: Tukima's Dance
Press: ? - help, Shift-Dir - straight line, f - worker ant
Aim: a worker ant (lightly wounded, not susceptible)
The worker ant resists with significant effort.
* * * LOW HITPOINT WARNING * * *
You feel sick. The worker ant barely misses you.
* * * LOW HITPOINT WARNING * * *
You feel sick.
* * * LOW HITPOINT WARNING * * *
You feel sick. The worker ant closely misses you.
There is a stone staircase leading up here.
* * * LOW HITPOINT WARNING * * *
You feel sick. The worker ant bites you.
You die...

#### ..# #.#
#@# #a#####
#######w#...+
..........>.#
#######.#.###
#......#...
#.####†##....
### .#### ..


You could see a worker ant and a dart slug.

Vanquished Creatures
  3 adders (D:2)
  A dart slug (D:2)
  3 leopard geckos (D:1)
  6 bats
  5 giant cockroaches
  6 goblins
  6 hobgoblins
  3 jackals (D:2)
  6 kobolds
  A ball python (D:1)
  4 frilled lizards
  2 rats (D:1)
46 creatures vanquished.

Notes
Turn   | Place    | Note
-------+----------+-------------------------------------------
     0 | D:1      | Heskey the Vampire Enchanter began the quest for the Orb.
     0 | D:1      | Reached XP level 1. HP: 13/13 MP: 3/3
   323 | D:1      | Reached XP level 2. HP: 15/19 MP: 5/5
  1473 | D:1      | Reached XP level 3. HP: 24/24 MP: 6/6
  1616 | D:2      | Found a deep blue altar of Sif Muna.
  1705 | D:2      | Reached skill level 5 in Stealth
  1733 | D:2      | Gained mutation: Your body sometimes deteriorates upon taking damage. [potion of mutation]
  1733 | D:2      | Gained mutation: You have sharp fingernails. [potion of mutation]
  2154 | D:2      | Reached XP level 4. HP: 28/30 MP: 7/7
  2159 | D:2      | Learned a level 3 spell: Tukima's Dance
  2680 | D:3      | HP: 1/30 [poisoned by a worker ant]
  2680 | D:3      | Slain by a worker ant

Vault maps used:
D:1:      minmay_arrival_solitary_statue, minmay_pentomino_z4
D:2:      lemuel_doored_altar
D:3:      old_standard_altar, first_bread, portal_sewer_entry_d, uniq_jessica

Skill      XL: |  1  2  3 |
---------------+----------+-----
Short Blades   | 2 |  2.8
Stealth        | 5 |  5.2
Dodging        | |  2.9
Spellcasting   | |  2.3
Hexes          | |  4.9

Action                   |  1- 3 |  4- 6 || total
-------------------------+-------+-------++-------
Melee: Dagger            |   168 |    32 ||   200
       Bite              |     6 |     2 ||     8
 Cast: Corona            |     4 |       ||     4
       Tukima's Dance    |       |     1 ||     1
  Use: Potion            |     9 |     2 ||    11
       Scroll            |     3 |       ||     3
 Stab: Sleeping          |     9 |     2 ||    11
Armor: Robe              |    24 |     7 ||    31
       Skin              |    11 |       ||    11
Dodge: Dodged            |   105 |    19 ||   124

Table legend:
 A = Spawn XP
 B = Non-spawn XP
 C = Spawn XP percentage of total XP
 D = Spawn monster count
 E = Non-spawn monster count
 F = Spawn count percentage of total count
 G = Total turns spent on level
                    A         B        C        D         E        F      G
               +---------+---------+-------+---------+---------+-------+---------
         Total |       0 |     117 |   0.0 |       0 |      46 |   0.0 |  2680
               +---------+---------+-------+---------+---------+-------+---------
           D:1 |       0 |      43 |   0.0 |       0 |      24 |   0.0 |  1584
           D:2 |       0 |      72 |   0.0 |       0 |      21 |   0.0 |  1071
           D:3 |       0 |       2 |   0.0 |       0 |       1 |   0.0 |    25
               +---------+---------+-------+---------+---------+-------+---------
